Map: Automaton LE

Players

Special

  • Race: Terran Terran
  • League: Master
  • Spawn Location: 3:00

Serral - Winner!

  • Race: Zerg Zerg
  • Spawn Location: 9:00

Event: 2019 WCS Spring

VOD

Have the link to the VOD?

Description

Time

  • Played on: May 19, 2019, 2:14 p.m.
  • Length: 14:58

All games in this series

Show
View Real Time Build Order
Export as new Build Order

Special Terran 

Build Orders: Gas First Reaper Expand, Liberator Opening 

Get SALT Encoding   

  12  0:00  SCV  
  13  0:12  SCV  
  14  0:18  Supply Depot  
  14  0:25  SCV  
  15  0:29  Refinery  
  15  0:39  SCV  
  16  0:45  Barracks  
  16  0:52  SCV  
  17  1:04  SCV  
  18  1:16  SCV  
  19  1:33  Orbital Command, Reaper  
  20  1:45  Command Center  
  20  1:56  Factory  
  20  2:01  SCV  
  21  2:07  Barracks Reactor  
  21  2:13  SCV  
  22  2:17  Supply Depot  
  22  2:22  Refinery  
  22  2:25  SCV  
  23  2:38  SCV  
  24  2:47  Hellion  
  24  2:49  Hellion, Starport  
  24  2:50  SCV  
  30  2:59  Orbital Command  
  30  3:02  SCV  
  30  3:07  Marine  
  33  3:13  Hellion  
  33  3:15  SCV  
  34  3:21  Hellion  
  34  3:25  Medivac  
  38  3:27  SCV x2  
  38  3:30  Marine  
  41  3:35  Supply Depot  
  41  3:41  Liberator  
  41  3:42  SCV  
  41  3:44  Hellion  
  41  3:45  Hellion  
  46  3:49  Barracks Tech Lab  
  46  3:57  SCV, Supply Depot  
  50  4:05  Armory  
  50  4:11  SCV x2  
  50  4:16  Hellion  
  54  4:19  Hellion  
  54  4:23  Supply Depot  
  56  4:24  Stimpack, SCV  
  57  4:31  SCV  
  57  4:37  Hellion  
  60  4:40  SCV  
  60  4:44  Hellion  
  60  4:45  SCV, Supply Depot  
  63  4:52  Marine, SCV  
  66  4:58  SCV  
  67  5:04  SCV  
  68  5:07  Supply Depot  
  68  5:09  Marine  
  68  5:10  SCV  
  64  5:16  SCV  
  64  5:18  Barracks  
  64  5:19  Barracks  
  65  5:22  Factory Reactor  
  65  5:24  SCV  
  65  5:27  Marine  
  59  5:28  SCV  
  57  5:36  SCV  
  57  5:41  SCV  
  58  5:45  Marine, Engineering Bay  
  58  5:46  Engineering Bay  
  58  5:48  SCV  
  60  5:51  Refinery x2  
  60  5:53  SCV  
  61  5:58  Command Center  
  61  6:00  SCV  
  61  6:03  Marine  
  63  6:05  SCV  
  64  6:11  Factory Tech Lab  
  64  6:12  SCV  
  64  6:17  SCV  
  66  6:21  Marine  
  66  6:24  Marine x2, Starport Reactor  
  69  6:27  Terran Infantry Armor Level 1, SCV, Terran Infantry Weapons Level 1  
  69  6:29  Combat Shield  
  69  6:30  Marine x2  
  72  6:34  SCV  
  72  6:39  Marine  
  74  6:40  Siege Tank, Supply Depot  
  74  6:42  Marine x2  
  74  6:44  SCV  
  74  6:46  SCV  
  81  6:48  Marine x2  
  83  6:56  Marine  
  83  7:00  Marine x2  
  86  7:01  SCV x2  
  86  7:02  Medivac x2  
  86  7:04  Supply Depot  
  86  7:05  Marine x2  
  86  7:06  Barracks  
  86  7:08  Barracks  
  94  7:13  SCV x2  
  94  7:14  Marine  
  97  7:15  Siege Tank  
  97  7:18  Marine x2  
  102  7:23  Marine x2  
  102  7:26  SCV x2  
  106  7:32  Marine  
  106  7:36  Marine x2, Orbital Command  
  109  7:38  SCV x2  
  109  7:43  Marine x2  
  113  7:50  Marine, SCV x2  
  114  7:52  Medivac  
  114  7:53  Marine  
  117  8:00  Medivac  
  117  8:01  Supply Depot  
  117  8:02  Marine  
  117  8:04  Marine  
  117  8:05  Marine, SCV x2  
  117  8:06  Marine  
  117  8:09  Siege Tank  
  117  8:15  Supply Depot  
  117  8:16  Supply Depot  
  117  8:17  Marine x2  
  117  8:18  SCV x2  
  120  8:21  Marine  
  120  8:24  SCV  
  120  8:26  Barracks Reactor  
  119  8:27  Marine, Barracks Reactor  
  119  8:29  Marine  
  119  8:30  SCV  
  119  8:31  SCV  
  123  8:35  Marine  
  123  8:37  Medivac x2  
  123  8:41  Siege Tank, SCV  
  131  8:45  Supply Depot x2  
  118  8:53  Marine  
  118  8:54  Marine x3  
  107  8:57  Marine  
  107  9:03  Barracks  
  107  9:04  Marine x4, Barracks  
  107  9:07  Terran Infantry Weapons Level 2  
  115  9:10  Marine  
  115  9:12  Marine x3  
  115  9:15  Drilling Claws  
  119  9:17  Terran Infantry Armor Level 2  
  119  9:21  Siege Tank  
  119  9:22  Marine x2  
  119  9:23  Marine  
  125  9:28  Marine, Medivac x2  
  126  9:34  Marine x2  
  126  9:36  SCV x2  
  130  9:39  Marine x4  
  135  9:46  Marine  
  135  9:53  Supply Depot  
  135  9:54  Marine x3  
  135  9:55  Barracks Tech Lab, Marauder  
  135  9:58  Medivac x2  
  144  10:05  Siege Tank  
  142  10:14  Marine x3, Marauder  
  141  10:15  Marine  
  141  10:16  Barracks Tech Lab, Marauder  
  141  10:19  Marine  
  144  10:24  Marine x2  
  147  10:31  Marine  
  147  10:32  Marine, Command Center  
  147  10:34  Marine  
  147  10:35  Marine x2  
  151  10:43  Supply Depot  
  151  10:44  Medivac x2  
  151  10:45  Supply Depot  
  151  10:46  SCV, Supply Depot  
  149  10:52  SCV  
  149  10:53  SCV  
  149  10:55  Marine  
  149  10:56  Marine  
  149  10:57  Marine x5  
  146  10:58  Marine, SCV  
  146  10:59  Marauder  
  146  11:01  Widow Mine  
  146  11:03  Widow Mine  
  159  11:07  SCV  
  159  11:08  Supply Depot  
  159  11:09  SCV  
  160  11:22  Marine x3, Widow Mine, Marauder  
  160  11:24  Widow Mine  
  160  11:25  SCV x3  
  172  11:26  Marine x2  
  172  11:27  Marine  
  175  11:36  Supply Depot  
  175  11:42  Marine  
  175  11:43  Marauder  
  175  11:44  Widow Mine  
  175  11:46  Widow Mine  
  177  11:47  Orbital Command  
  177  11:50  Marine, Marauder  
  177  11:51  Marine x2  
  177  11:54  Marine  
  159  12:00  SCV  
  159  12:01  SCV x2  
  162  12:05  Widow Mine  
  162  12:07  Marine  
  162  12:08  Marine x4, Marauder  
  163  12:14  Marauder  
  160  12:16  SCV x2  
  160  12:27  Widow Mine x2, Marine, Marauder  
  160  12:28  Marauder  
  160  12:29  Medivac  
  171  12:30  Marine  
  171  12:31  Marauder  
  174  12:37  Marine, Marauder  
  174  12:42  Supply Depot x2  
  177  12:44  Marine x2  
  177  12:45  Marine  
  177  12:48  Widow Mine, Marauder  
  185  12:51  Marauder  
  185  12:52  Medivac  
  172  12:59  Medivac  
  172  13:01  Marine x2  
  172  13:02  Widow Mine, Marauder  
  163  13:08  Marine, Marauder  
  163  13:09  Marauder  
  163  13:10  Widow Mine  
  157  13:13  Marauder  
  157  13:16  Marine x3  
  157  13:19  Marine  
  136  13:20  Marine  
  136  13:22  Medivac  
  136  13:24  Widow Mine  
  131  13:27  Concussive Shells  
  131  13:30  Marine x2, Marauder  
  131  13:31  Marine, Widow Mine  
  131  13:33  Marine  
  139  13:34  Marine, Medivac  
  139  13:35  Marine  
  139  13:37  Orbital Command  
  139  13:40  SCV x3  
  145  13:43  Marine, Marauder  
  145  13:45  Widow Mine  
  150  13:50  Marauder  
  150  13:52  Widow Mine, SCV x3, Medivac  
  150  13:53  Marine, Marauder  
  162  14:00  Marine x2  
  164  14:06  Widow Mine  
  162  14:12  Marine, Marauder  
  162  14:14  Widow Mine, Marine  
  162  14:15  Marauder  
  164  14:19  Marine x3, Marauder  
  164  14:25  Marine, Marauder  
  164  14:29  Widow Mine, Marine  
  170  14:32  Marine  
  170  14:33  Marauder  
  170  14:35  Widow Mine, Marine  
  170  14:37  Marine x3  
  183  14:40  Command Center  
Show
View Real Time Build Order
Export as new Build Order

Serral Zerg - Winner!

Build Orders: Hatch First 

Get SALT Encoding   

  12  0:00  Drone  
  13  0:12  Overlord  
  13  0:18  Drone  
  14  0:31  Drone  
  14  0:32  Drone  
  16  0:50  Hatchery  
  16  0:52  Drone  
  16  0:56  Drone  
  17  1:00  Drone  
  18  1:10  Extractor  
  17  1:15  Spawning Pool  
  16  1:19  Drone  
  16  1:21  Drone  
  18  1:29  Drone  
  19  1:41  Drone  
  20  1:49  Overlord  
  20  2:01  Queen  
  20  2:02  Queen  
  20  2:03  Zergling x4  
  26  2:11  Drone  
  26  2:13  Drone  
  26  2:14  Metabolic Boost  
  28  2:23  Drone x2  
  30  2:35  Overlord  
  30  2:37  Queen, Drone  
  33  2:46  Drone x2  
  35  2:57  Hatchery  
  34  2:59  Drone  
  34  3:01  Drone  
  36  3:12  Drone  
  37  3:13  Drone  
  37  3:14  Queen  
  37  3:16  Overlord  
  40  3:21  Drone x3  
  40  3:24  Drone  
  44  3:35  Overlord  
  44  3:38  Zergling x4  
  44  3:39  Zergling x2  
  47  3:43  Zergling x4  
  49  3:48  Baneling Nest  
  49  3:53  Drone x2  
  49  3:54  Queen  
  52  4:00  Overlord  
  52  4:01  Zergling x2  
  52  4:02  Drone x2  
  55  4:03  Drone  
  56  4:10  Queen  
  56  4:11  Drone x2  
  56  4:15  Lair  
  60  4:21  Zergling x2  
  60  4:23  Drone x3  
  64  4:32  Drone  
  64  4:33  Spore Crawler, Baneling x4  
  64  4:34  Drone x3  
  64  4:37  Queen  
  69  4:40  Overlord  
  69  4:44  Extractor  
  69  4:45  Extractor  
  66  4:47  Drone x3, Baneling  
  66  4:51  Zergling x4  
  71  4:57  Zergling x4  
  72  5:10  Drone x7  
  72  5:12  Evolution Chamber  
  72  5:14  Drone x3  
  76  5:23  Overlord  
  76  5:24  Queen, Drone x3  
  82  5:31  Evolution Chamber  
  82  5:32  Evolution Chamber  
  82  5:35  Overlord  
  80  5:36  Drone x2  
  80  5:41  Overseer  
  80  5:44  Centrifical Hooks  
  80  5:47  Extractor  
  80  5:48  Extractor, Drone x3  
  81  5:54  Drone  
  81  5:55  Drone  
  81  5:56  Drone x2  
  85  5:57  Zerg Melee Weapons Level 1  
  85  6:03  Overlord  
  85  6:06  Drone x2  
  85  6:07  Drone x2  
  85  6:09  Overlord  
  89  6:12  Evolution Chamber  
  88  6:21  Zergling x8  
  92  6:28  Drone x5  
  92  6:31  Extractor, Baneling x2  
  92  6:32  Hydralisk Den, Zergling x4  
  97  6:33  Zergling x2  
  97  6:38  Zerg Ground Armor Level 1, Hatchery  
  97  6:49  Drone  
  97  6:53  Zergling x14  
  97  6:54  Zergling x2  
  106  6:59  Overlord x2, Hatchery  
  105  7:05  Baneling x2  
  105  7:09  Overlord  
  105  7:17  Zergling x2  
  105  7:18  Zergling x18  
  105  7:20  Baneling x7  
  105  7:21  Baneling x2  
  115  7:33  Overlord  
  115  7:38  Zergling x10  
  115  7:39  Zergling x6  
  123  7:55  Overlord  
  123  7:57  Overlord  
  123  8:05  Zergling x22  
  117  8:16  Zerg Melee Weapons Level 2  
  117  8:17  Hydralisk x5  
  126  8:23  Queen  
  126  8:24  Hydralisk  
  126  8:25  Hydralisk x6  
  137  8:27  Drone  
  137  8:28  Muscular Augments  
  137  8:30  Infestation Pit, Baneling x2  
  137  8:31  Baneling x3  
  137  8:32  Drone x3  
  137  8:34  Drone  
  141  8:35  Drone  
  141  8:36  Drone  
  141  8:37  Drone  
  141  8:39  Drone  
  141  8:41  Drone  
  124  8:56  Drone x4  
  124  8:57  Drone  
  124  8:59  Hydralisk x4  
  124  9:01  Zergling x14  
  141  9:04  Baneling  
  141  9:05  Baneling x5  
  141  9:10  Zerg Ground Armor Level 2  
  139  9:18  Zergling x14  
  146  9:24  Hive  
  146  9:29  Hatchery  
  145  9:34  Zergling x14  
  145  9:37  Baneling x5  
  151  9:40  Grooved Spines  
  151  9:43  Overlord  
  151  9:49  Zergling x16  
  159  9:55  Overlord  
  159  9:56  Overlord  
  158  10:04  Hydralisk  
  153  10:19  Hydralisk x3  
  153  10:20  Zergling x26  
  171  10:33  Drone x4  
  172  10:36  Hydralisk x2  
  172  10:39  Zerg Melee Weapons Level 3  
  172  10:40  Swarm Host, Overlord x2  
  172  10:41  Swarm Host, Adrenal Glands  
  180  10:56  Baneling x4  
  177  11:00  Viper x2  
  177  11:01  Viper  
  177  11:02  Baneling x13  
  186  11:04  Queen  
  186  11:08  Zergling x18  
  195  11:21  Overlord x2  
  192  11:31  Zerg Ground Armor Level 3  
  186  11:33  Baneling x8  
  186  11:38  Zergling x22  
  192  11:52  Zergling x14  
  192  11:53  Zergling x2  
  200  11:57  Baneling x6  
  200  11:58  Baneling x2  
  190  12:11  Zergling x28  
  199  12:22  Baneling x4  
  197  12:25  Zergling x8  
  199  12:31  Extractor  
  199  12:32  Drone x3, Spore Crawler  
  194  12:40  Zergling x12  
  194  12:41  Hatchery  
  183  13:00  Zergling x4  
  183  13:01  Zergling x36  
  190  13:08  Overseer  
  169  13:16  Zergling x32  
  171  13:21  Overseer  
  171  13:26  Ultralisk Cavern  
  162  13:31  Hydralisk x5  
  166  13:34  Baneling x12  
  166  13:43  Overlord  
  166  13:46  Baneling x6  
  166  13:48  Drone x4  
  170  13:49  Hydralisk x4  
  170  13:50  Zergling x4  
  170  13:51  Spore Crawler  
  170  13:54  Baneling x5  
  179  13:56  Nydus Network  
  179  13:57  Overlord  
  167  14:10  Zergling x2  
  167  14:11  Zergling x6  
  171  14:23  Zergling x38  
  183  14:25  Baneling x19  
  183  14:29  Drone  
  183  14:30  Drone x7  
  189  14:31  Drone  
Tags
 
Add a new tag
Caveats
  • Supply blocks, unpowered buildings, or Contaminate may cause inaccurate times.
  • Supply counts are checked every 10 seconds.